 Dungeon Sprint DCSS version 0.31-a0-728-g01b46875f1 (webtiles) character file.

Game seed: 676365486194964090

1234 sircluck the Grappler (level 8, 0/138 HPs)
             Began as a Troll Berserker on Sept 11, 2023.
             Was a Priest of Trog.
             Succumbed to a sea snake's poison
             ... in the Dungeon (Sprint VII: "The Pits").
             The game lasted 00:00:56 (172 turns).

sircluck the Grappler (Troll Berserker)              Turns: 172, Time: 00:00:57

Health: 0/138      AC:  4    Str: 28    XL:     8   Next: 24%
Magic:  7/7        EV: 12    Int:  3    God:    Trog [***...]
Gold:   0          SH:  0    Dex:  9    Spells: 7/7 levels left

rFire   . .          .
                       - Unarmed
rCold   . . .        (no shield)
rNeg    . . .        a - +0 animal skin
rPois   .            (helmet restricted)
rElec   .            (no cloak)
rCorr   .            (gloves unavailable)
SInv    .            (boots unavailable)
Will    .....        (no amulet) Stlth
                     (no ring)
HPRegen 1.23/turn    (no ring)
MPRegen 0.10/turn

%: no teleportation
@: berserking (expiring), lethally poisoned (0 -> -11), flayed, very quick
A: large, unfitting armour, claws 3, regeneration 1, shaggy fur 1, tough skin 1
a: Renounce Religion, Berserk, Trog's Hand


You were in the Dungeon.
You worshipped Trog.
Trog was most pleased with you.
You visited 1 branch

Inventory:

Armour
 a - a +0 animal skin (worn)
Scrolls
 g - a scroll of blinking
Potions
 b - a potion of curing
 c - a potion of heal wounds
 d - a potion of haste
 e - 2 potions of magic
 f - a potion of berserk rage


   Skills:
 + Level 9.4 Fighting
 + Level 9.3 Dodging
 + Level 11.0 Unarmed Combat


You had 7 spell levels left.
You didn't know any spells.
Your spell library was empty.

Dungeon Overview and Level Annotations

Branches:
Dungeon (1/1)

Altars:


Innate Abilities, Weirdness & Mutations

You are too large for most types of armour.
You have claws for hands.
Your natural rate of healing is unusually fast.
You are covered in fur. (AC +1)
You have tough skin. (AC +1)


Message History

You mangle the sea snake!!
The sea snake is almost dead.
You feel very sick. The flayed ghost hits you!!
* * * LOW HITPOINT WARNING * * *
You barely miss the sea snake.
The sea snake is almost dead.
* * * LOW HITPOINT WARNING * * *
You feel very sick. The sea snake barely misses you.
Unknown command.
You claw the sea snake!
You kill the sea snake!
Trog accepts your kill.
* * * LOW HITPOINT WARNING * * *
You feel very sick.
The flayed ghost stares at you with tortured malice.
Terrible wounds spread across more of your body!
* * * LOW HITPOINT WARNING * * *
Your Fighting skill increases to level 9!
Your Dodging skill increases to level 9!
Your Unarmed Combat skill gained 2 levels and is now at level 11!
You have reached level 8!
Unknown command.
Unknown command.
Unknown command.
Unknown command.
Unknown command.
You closely miss the flayed ghost.
* * * LOW HITPOINT WARNING * * *
You feel very sick.
You scratch the flayed ghost. Your claw misses the flayed ghost.
The flayed ghost is lightly damaged.
* * * LOW HITPOINT WARNING * * *
You feel very sick.
The flayed ghost cries, "Suffer as I suffered!"
Unknown command.
You eviscerate the flayed ghost!!!
The flayed ghost is severely damaged.
You die...

#...<...##..#####...#
#.......##..+ ...
#.......##..# ..
#.......##..# .#
##########..#####.+
#........# #........#
##+###...# #...5@...#
#...W#.......
#....#........
##############


You could see a flayed ghost and an iron imp.

Vanquished Creatures
  A sea snake (D)
  A gargoyle (D)
  A cane toad (D)
  A wolf (D)
  An orc wizard (D)
  4 orcs (D)
9 creatures vanquished.

Notes
Turn   | Place    | Note
-------+----------+-------------------------------------------
     0 | D        | sircluck the Troll Berserker began the quest for the Orb.
     0 | D        | Reached XP level 1. HP: 22/22 MP: 0/0
    12 | D        | Noticed a cane toad
    12 | D        | Noticed a gargoyle
    19 | D        | Killed a cane toad
    20 | D        | Reached skill level 7 in Unarmed Combat
    20 | D        | Reached XP level 2. HP: 9/37 MP: 1/1
    20 | D        | Reached XP level 3. HP: 11/45 MP: 2/2
    20 | D        | Reached XP level 4. HP: 13/53 MP: 3/3
    20 | D        | Reached XP level 5. HP: 15/61 MP: 4/4
    20 | D        | Reached XP level 6. HP: 17/68 MP: 5/5
    23 | D        | Killed a gargoyle
    24 | D        | Reached skill level 9 in Unarmed Combat
    24 | D        | Reached XP level 7. HP: 9/80 MP: 6/6
   100 | D        | Reached ** piety under Trog
   119 | D        | Reached *** piety under Trog
   156 | D        | Noticed a flayed ghost
   158 | D        | Noticed a sea snake
   169 | D        | Killed a sea snake
   170 | D        | Reached skill level 11 in Unarmed Combat
   170 | D        | Reached XP level 8. HP: 8/92 MP: 7/7
   170 | D        | HP: 5/138 [poisoned by a sea snake]
   171 | D        | HP: 2/138 [poisoned by a sea snake]
   172 | D        | Succumbed to a sea snake's poison

Illustrated notes

Levels and vault maps discovered:
D:        pitsprint [storerooms_1, entrance_room_1, metal_vault_8, armoury_2,
          mini_pit_1, grid_room_1, main_hall_1, silver_pit, the_coven_1,
          the_vestibule_1, steel_vault_3, golden_pit, hallway_of_sentries,
          crystal_vault_3, iron_vault_4, final_vault]

Skill      XL: |  1  2  3  4  5  6  7 |
---------------+----------------------+-----
Fighting       | 6 8 9 |  9.4
Dodging        | 6 7 9 |  9.3
Unarmed Combat | 7 9 11 | 11.0

Action                     |  1- 3 |  4- 6 |  7- 9 || total
---------------------------+-------+-------+-------++-------
  Melee: Unarmed           |     3 |     2 |    34 ||    39
 Invoke: Berserk           |     1 |       |     1 ||     2
 Armour: Animal skin       |     2 |     1 |    24 ||    27
  Dodge: Dodged            |       |       |    21 ||    21

Table legend: (Time is in decaauts)
 A = Elapsed time spent in this place.
 B = Non-inter-level travel time spent in this place.
 C = Inter-level travel time spent in this place.
 D = Time resting spent in this place.
 E = Time spent auto-exploring this place.
 F = Levels seen in this place.
 G = Mean time per level.
                   A        B        C        D        E       F      G
               +--------+--------+--------+--------+--------+-----+--------+
         Total |    175 |    175 |      0 |     85 |     12 |   1 |  175.0 |
       Dungeon |    175 |    175 |      0 |     85 |     12 |   1 |  175.0 |
               +--------+--------+--------+--------+--------+-----+--------+

Top non-repeatable levels by time:
       D: 175 daAuts
